MLB
ATLANTA BRAVES @ PITTSBURGH PIRATES
10/10/2046
 
TOP OF THE 1ST
Atlanta Braves batting - Pitching for Pittsburgh Pirates : LHP Tim Wichman
Pitching: LHP Tim Wichman
Batting: RHB Marc Peckermark 0-0: Ball
1-0: Bunted foul
1-1: Fly out, F7 (Line Drive, 7LM, EV 93.8 MPH)
Batting: RHB Jeckel Hester 0-0: Ball
1-0: Called Strike
1-1: Foul Ball, location: 2F
1-2: Strikes out looking
Batting: RHB Jordan Martin 0-0: Foul Ball, location: 2F
0-1: Ball
1-1: Foul Ball, location: 2F
1-2: Ball
2-2: Foul Ball, location: 2F
2-2: Fly out, F5 (Popup, 5S, EV 73.1 MPH)
Top of the 1st over - 0 runs, 0 hits, 0 errors, 0 left on base; Atlanta 0 - Pittsburgh 0
BOTTOM OF THE 1ST
Pittsburgh Pirates batting - Pitching for Atlanta Braves : RHP Matt Sigurdson
Pitching: RHP Matt Sigurdson
Batting: RHB Andrew Robinson 0-0: Called Strike
0-1: Called Strike
0-2: Ball
1-2: Foul Ball, location: 2F
1-2: Ground out 4-3 (Groundball, 4, EV 83.1 MPH)
Batting: LHB Pat Sutton 0-0: DOUBLE (Line Drive, 9LM, EV 107.5 MPH)
Batting: SHB Marvin McAleer 0-0: Ball
1-0: Ball
2-0: Ground out 4-3 (Groundball, 4S, EV 85.0 MPH)
Pat Sutton to third
Batting: RHB Mike Bates 0-0: Foul Ball, location: 2F
0-1: Foul Ball, location: 2F
0-2: SINGLE (Flyball, 5D, EV 94.4 MPH)
Pat Sutton scores
Batting: LHB Marc Carter 0-0: Ball
1-0: Foul Ball, location: 2F
1-1: Called Strike
1-2: Fielders Choice at 2nd, 5-4 (Groundball, 56, EV 108.1 MPH)
Bottom of the 1st over - 1 run, 2 hits, 0 errors, 1 left on base; Atlanta 0 - Pittsburgh 1
TOP OF THE 2ND
Atlanta Braves batting - Pitching for Pittsburgh Pirates : LHP Tim Wichman
Batting: RHB Ike Trout 0-0: Ball
1-0: Ball
2-0: Ball
3-0: Called Strike
3-1: DOUBLE (Flyball, 8LXD, EV 106.9 MPH)
Batting: RHB Xavier Davis 0-0: SINGLE (Line Drive, 89S, EV 101.2 MPH)
Ike Trout to third
Batting: RHB Jared Speck 0-0: Ball
1-0: Ball
2-0: Fly out, F7 (Flyball, 7LD, EV 94.4 MPH)
Runner from 3rd tags up, SCORES, throw by LF
Batting: RHB Luis Torres 0-0: Ball
Xavier Davis is caught stealing 2nd base 2-4
1-0: Ball
2-0: Called Strike
2-1: Foul Ball, location: 2F
2-2: SINGLE (Line Drive, 6MD, EV 106.2 MPH)
Batting: RHB Liangde Li 0-0: Called Strike
Luis Torres steals 2nd base
Balk!
Luis Torres to third
0-1: Ball
1-1: Ball
2-1: Foul Ball, location: 2F
2-2: Strikes out swinging
Top of the 2nd over - 1 run, 3 hits, 0 errors, 1 left on base; Atlanta 1 - Pittsburgh 1
BOTTOM OF THE 2ND
Pittsburgh Pirates batting - Pitching for Atlanta Braves : RHP Matt Sigurdson
Batting: RHB David Contreras 0-0: Ball
1-0: Called Strike
1-1: Ball
2-1: Swinging Strike
2-2: Strikes out swinging
Batting: RHB Eisse Bravenboer 0-0: Ball
1-0: Ball
2-0: SINGLE (Groundball, 6S, EV 98.1 MPH)
Batting: RHB Luis Ramos 0-0: Ball
1-0: Called Strike
1-1: SINGLE (Flyball, 34D, EV 87.5 MPH)
Eisse Bravenboer to second
Batting: RHB Bubba Tierney 0-0: Ball
1-0: Ball
2-0: Foul Ball, location: 2F
2-1: SINGLE (Groundball, 4MD, EV 101.9 MPH) (infield hit)
Eisse Bravenboer to third
Luis Ramos to second
Batting: RHB Andrew Robinson 0-0: Fly out, F9 (Flyball, 9S, EV 83.1 MPH)
Batting: LHB Pat Sutton 0-0: Ball
1-0: Ball
Wild Pitch!
Eisse Bravenboer scores
Luis Ramos to third
Bubba Tierney to second
2-0: Ball
3-0: Base on Balls
Batting: SHB Marvin McAleer 0-0: SINGLE (Groundball, 4M, EV 88.1 MPH) (infield hit)
Luis Ramos scores
Bubba Tierney to third
Pat Sutton to second
Batting: RHB Mike Bates 0-0: Swinging Strike
0-1: Swinging Strike
0-2: Ball
1-2: DOUBLE (Flyball, 78XD, EV 110.0 MPH)
Bubba Tierney scores
Pat Sutton scores
Marvin McAleer to third
Runner from 3rd tries for Home, SAFE, throw by CF to trailing runner, OUT at third! 8-3-5
Bottom of the 2nd over - 5 runs, 5 hits, 0 errors, 0 left on base; Atlanta 1 - Pittsburgh 6
TOP OF THE 3RD
Atlanta Braves batting - Pitching for Pittsburgh Pirates : LHP Tim Wichman
Batting: RHB Tade Post 0-0: SINGLE (Groundball, 56D, EV 106.2 MPH) (infield hit)
Batting: RHB Marc Peckermark 0-0: Ball
1-0: Hit by Pitch
Tade Post to second
Batting: RHB Jeckel Hester 0-0: Called Strike
0-1: Foul Ball, location: 2F
0-2: Strikes out swinging
Batting: RHB Jordan Martin 0-0: Ball
1-0: Ball
2-0: Ball
3-0: Called Strike
3-1: Fly out, F3 (Popup, 3SF, EV 70.0 MPH)
Batting: RHB Ike Trout 0-0: Called Strike
0-1: Foul Ball, location: 2F
0-2: SINGLE (Line Drive, 7LS, EV 95.0 MPH)
Tade Post to third
Marc Peckermark to second
Runner from 3rd tries for Home, SAFE, throw by LF to home
Batting: RHB Xavier Davis 0-0: Ball
1-0: Fielders Choice at 2nd, 5-4 (Groundball, 56, EV 106.9 MPH)
Top of the 3rd over - 1 run, 2 hits, 0 errors, 2 left on base; Atlanta 2 - Pittsburgh 6
BOTTOM OF THE 3RD
Pittsburgh Pirates batting - Pitching for Atlanta Braves : RHP Matt Sigurdson
Pitching: RHP Jon Turman
Batting: LHB Marc Carter 0-0: Foul Ball, location: 2F
0-1: DOUBLE (Flyball, 8RXD, EV 95.6 MPH)
Batting: RHB David Contreras 0-0: Called Strike
0-1: Ball
1-1: Ground out 5-3 (Groundball, 56, EV 97.5 MPH)
Batting: RHB Eisse Bravenboer 0-0: Ball
1-0: DOUBLE (Line Drive, 89D, EV 99.4 MPH)
Marc Carter scores
Batting: RHB Luis Ramos 0-0: Swinging Strike
0-1: Foul Ball, location: 2F
0-2: Ball
1-2: Strikes out swinging
Batting: RHB Bubba Tierney 0-0: Ball
1-0: Swinging Strike
1-1: Swinging Strike
1-2: Ground out 3-1 (Groundball, 34, EV 87.5 MPH)
Bottom of the 3rd over - 1 run, 2 hits, 0 errors, 1 left on base; Atlanta 2 - Pittsburgh 7
TOP OF THE 4TH
Atlanta Braves batting - Pitching for Pittsburgh Pirates : LHP Tim Wichman
Batting: RHB Jared Speck 0-0: Ball
1-0: Ball
2-0: Called Strike
2-1: DOUBLE (Line Drive, 78D, EV 102.5 MPH)
Batting: RHB Luis Torres 0-0: Ball
1-0: Foul Ball, location: 2F
1-1: Foul Ball, location: 2F
1-2: Ball
2-2: 2-RUN HOME RUN (Flyball, 7D, EV 95.0 MPH), Distance : 378 ft
Batting: RHB Liangde Li 0-0: Ball
1-0: Ball
2-0: Foul Ball, location: 2F
2-1: Ball
3-1: Called Strike
3-2: Base on Balls
Batting: RHB Tade Post 0-0: Ball
1-0: Ball
Liangde Li steals 2nd base (no throw)
2-0: Swinging Strike
2-1: Ball
3-1: Foul Ball, location: 2F
3-2: Foul Ball, location: 2F
3-2: Foul Ball, location: 2F
3-2: Strikes out swinging
Batting: RHB Marc Peckermark 0-0: Called Strike
Liangde Li steals 3rd base
0-1: Ball
1-1: Ball
2-1: Foul Ball, location: 2F
2-2: Ground out 5-3 (Groundball, 5, EV 86.2 MPH)
Batting: RHB Jeckel Hester 0-0: Called Strike
0-1: Ball
1-1: Fly out, F7 (Flyball, 7LS, EV 93.8 MPH)
Top of the 4th over - 2 runs, 2 hits, 0 errors, 1 left on base; Atlanta 4 - Pittsburgh 7
BOTTOM OF THE 4TH
Pittsburgh Pirates batting - Pitching for Atlanta Braves : RHP Jon Turman
Batting: RHB Andrew Robinson 0-0: Ball
1-0: Called Strike
1-1: Swinging Strike
1-2: Ball
2-2: Ball
3-2: Foul Ball, location: 2F
3-2: Foul Ball, location: 2F
3-2: Strikes out swinging, 2-3 out at first.
Batting: LHB Pat Sutton 0-0: Foul Ball, location: 2F
0-1: Ball
1-1: Ball
2-1: Ground out U3 (Groundball, 3S, EV 68.1 MPH)
Batting: SHB Marvin McAleer 0-0: SINGLE (Groundball, 6S, EV 65.0 MPH) (infield hit)
Batting: RHB Mike Bates 0-0: Fly out, F7 (Line Drive, 7, EV 106.2 MPH)
Bottom of the 4th over - 0 runs, 1 hit, 0 errors, 1 left on base; Atlanta 4 - Pittsburgh 7
TOP OF THE 5TH
Atlanta Braves batting - Pitching for Pittsburgh Pirates : LHP Tim Wichman
Batting: RHB Jordan Martin 0-0: Ball
1-0: Foul Ball, location: 2F
1-1: Ball
2-1: Ball
3-1: Base on Balls
Batting: RHB Ike Trout 0-0: Ball
1-0: Called Strike
1-1: Ball
2-1: SINGLE (Groundball, 56S, EV 63.1 MPH) (infield hit)
Jordan Martin to second
Batting: RHB Xavier Davis 0-0: Called Strike
0-1: Ball
1-1: Ball
2-1: SINGLE (Groundball, 25, EV 65.0 MPH) (infield hit)
Jordan Martin to third
Ike Trout to second
Batting: RHB Jared Speck 0-0: Ball
1-0: Foul Ball, location: 2F
1-1: Called Strike
1-2: Ball
2-2: Foul Ball, location: 2F
2-2: Strikes out looking
Batting: RHB Luis Torres 0-0: Foul Ball, location: 2F
0-1: SINGLE (Line Drive, 6MD, EV 96.9 MPH)
Jordan Martin scores
Ike Trout to third
Xavier Davis to second
Pitching: LHP Riichi Yamashita
Batting: RHB Liangde Li 0-0: Ball
1-0: Foul Ball, location: 2F
1-1: SINGLE (Groundball, 4D, EV 108.8 MPH)
Ike Trout scores
Xavier Davis to third
Luis Torres to second
Batting: RHB Tade Post 0-0: Ball
1-0: Fly out, F7 (Line Drive, 7S, EV 104.4 MPH)
Batting: RHB Marc Peckermark 0-0: Called Strike
0-1: Foul Ball, location: 2F
0-2: Strikes out looking
Top of the 5th over - 2 runs, 4 hits, 0 errors, 3 left on base; Atlanta 6 - Pittsburgh 7
BOTTOM OF THE 5TH
Pittsburgh Pirates batting - Pitching for Atlanta Braves : RHP Jon Turman
Batting: LHB Marc Carter 0-0: SINGLE (Flyball, 6MD, EV 95.0 MPH)
Batting: RHB David Contreras 0-0: Sac Bunt to 13S - play at first, batter OUT! 1-3
Marc Carter to second
Batting: RHB Eisse Bravenboer 0-0: Ball
1-0: Called Strike
1-1: Foul Ball, location: 2F
1-2: Reached on error, E8 (Flyball, 89M, EV 90.0 MPH)
Marc Carter to third
Batting: RHB Luis Ramos 0-0: Foul Ball, location: 2F
0-1: Foul Ball, location: 2F
0-2: Ground out 5-3 (Groundball, 5, EV 85.6 MPH)
Eisse Bravenboer to second
Batting: RHB Bubba Tierney 0-0: Called Strike
0-1: Called Strike
0-2: Ground out 1-3 (Groundball, 34S, EV 68.8 MPH)
Bottom of the 5th over - 0 runs, 1 hit, 1 error, 2 left on base; Atlanta 6 - Pittsburgh 7
TOP OF THE 6TH
Atlanta Braves batting - Pitching for Pittsburgh Pirates : LHP Riichi Yamashita
Batting: RHB Jeckel Hester 0-0: Foul Ball, location: 2F
0-1: Swinging Strike
0-2: Foul Ball, location: 2F
0-2: Ground out 5-3 (Groundball, 56, EV 108.1 MPH)
Batting: RHB Jordan Martin 0-0: SINGLE (Line Drive, 8LS, EV 106.2 MPH)
Batting: RHB Ike Trout 0-0: Ball
1-0: Foul Ball, location: 2F
1-1: Foul Ball, location: 2F
1-2: Fly out, F7 (Flyball, 7D, EV 100.6 MPH)
Batting: RHB Xavier Davis 0-0: Called Strike
Jordan Martin steals 2nd base (no throw)
0-1: SINGLE (Groundball, 4MD, EV 97.5 MPH)
Jordan Martin to third
Runner from 3rd tries for Home, SAFE, throw by CF to home
Batting: RHB Jared Speck 0-0: Called Strike
0-1: Foul Ball, location: 2F
0-2: Ground out 6-3 (Groundball, 6S, EV 66.9 MPH)
Top of the 6th over - 1 run, 2 hits, 0 errors, 1 left on base; Atlanta 7 - Pittsburgh 7
BOTTOM OF THE 6TH
Pittsburgh Pirates batting - Pitching for Atlanta Braves : RHP Jon Turman
Batting: RHB Andrew Robinson 0-0: Ball
1-0: Foul Ball, location: 2F
1-1: Ball
2-1: Ball
3-1: Called Strike
3-2: Base on Balls
Batting: LHB Pat Sutton 0-0: Ball
1-0: Foul Ball, location: 2F
1-1: Called Strike
1-2: Ball
2-2: Ball
3-2: Strikes out looking
Andrew Robinson is caught stealing 2nd base 2-6
Batter strikes out.
Batting: SHB Marvin McAleer 0-0: Ball
1-0: Called Strike
1-1: Ground out 3-1 (Groundball, 34, EV 102.5 MPH)
Bottom of the 6th over - 0 runs, 0 hits, 0 errors, 0 left on base; Atlanta 7 - Pittsburgh 7
TOP OF THE 7TH
Atlanta Braves batting - Pitching for Pittsburgh Pirates : LHP Riichi Yamashita
Batting: RHB Luis Torres 0-0: Ball
1-0: Ball
2-0: Ball
3-0: Called Strike
3-1: Fly out, F9 (Flyball, 9D, EV 95.0 MPH)
Batting: RHB Liangde Li 0-0: Called Strike
0-1: Called Strike
0-2: Ball
1-2: Foul Ball, location: 2F
1-2: Ball
2-2: SINGLE (Line Drive, 34D, EV 99.4 MPH)
Batting: RHB Tade Post Pickoff Throw to First - Error! E1
Liangde Li to second
0-0: Fly out, F7 (Flyball, 7LS, EV 82.5 MPH)
Batting: RHB Marc Peckermark 0-0: Ball
1-0: Called Strike
1-1: 2-RUN HOME RUN (Flyball, 78XD, EV 108.8 MPH), Distance : 403 ft
Pitching: RHP Jeremy Kennie
Batting: RHB Jeckel Hester 0-0: Called Strike
0-1: Swinging Strike
0-2: Foul Ball, location: 2F
0-2: Strikes out swinging
Top of the 7th over - 2 runs, 2 hits, 1 error, 0 left on base; Atlanta 9 - Pittsburgh 7
BOTTOM OF THE 7TH
Pittsburgh Pirates batting - Pitching for Atlanta Braves : RHP Jon Turman
Pitching: RHP Andy Kiefer
Batting: RHB Mike Bates 0-0: Called Strike
0-1: Ball
1-1: Swinging Strike
1-2: Foul Ball, location: 2F
1-2: Ball
2-2: Strikes out swinging
Batting: LHB Marc Carter 0-0: Ball
1-0: Foul Ball, location: 2F
1-1: Ball
2-1: Fly out, F5 (Popup, 15, EV 83.1 MPH)
Batting: RHB David Contreras 0-0: Swinging Strike
0-1: Called Strike
0-2: Ground out 4-3 (Groundball, 34, EV 84.4 MPH)
Bottom of the 7th over - 0 runs, 0 hits, 0 errors, 0 left on base; Atlanta 9 - Pittsburgh 7
TOP OF THE 8TH
Atlanta Braves batting - Pitching for Pittsburgh Pirates : RHP Jeremy Kennie
Batting: RHB Jordan Martin 0-0: DOUBLE (Line Drive, 3D, EV 106.9 MPH)
Batting: RHB Ike Trout 0-0: Ball
1-0: SINGLE (Line Drive, 6D, EV 95.0 MPH)
Jordan Martin to third
Runner from 3rd tries for Home, SAFE, throw by LF to home
Batting: RHB Xavier Davis 0-0: Foul Ball, location: 2F
0-1: Foul Ball, location: 2F
0-2: Strikes out swinging
Batting: RHB Jared Speck 0-0: Ball
1-0: Called Strike
1-1: Foul Ball, location: 2F
1-2: Ball
2-2: Grounds into double play, 6-4-3 (Groundball, 56, EV 79.4 MPH)
Top of the 8th over - 1 run, 2 hits, 0 errors, 0 left on base; Atlanta 10 - Pittsburgh 7
BOTTOM OF THE 8TH
Pittsburgh Pirates batting - Pitching for Atlanta Braves : RHP Andy Kiefer
Batting: RHB Eisse Bravenboer 0-0: Ground out 5-3 (Groundball, 56S, EV 80.6 MPH)
Batting: RHB Luis Ramos 0-0: Ball
1-0: Called Strike
1-1: Ball
2-1: Ball
3-1: SOLO HOME RUN (Flyball, 7D, EV 105.0 MPH), Distance : 389 ft
Batting: RHB Bubba Tierney 0-0: Called Strike
0-1: Ball
1-1: Ground out 3-1 (Groundball, 34, EV 114.4 MPH)
Batting: RHB Andrew Robinson 0-0: Ball
1-0: Foul Ball, location: 2F
1-1: Swinging Strike
1-2: Foul Ball, location: 2F
1-2: Ground out 5-3 (Groundball, 56S, EV 80.6 MPH)
Bottom of the 8th over - 1 run, 1 hit, 0 errors, 0 left on base; Atlanta 10 - Pittsburgh 8
TOP OF THE 9TH
Atlanta Braves batting - Pitching for Pittsburgh Pirates : RHP Jeremy Kennie
Batting: RHB Luis Torres 0-0: Ball
1-0: Called Strike
1-1: Ball
2-1: Foul Ball, location: 2F
2-2: Ball
3-2: Strikes out swinging
Batting: RHB Liangde Li 0-0: Ground out 5-3 (Groundball, 56S, EV 71.9 MPH)
Batting: RHB Tade Post 0-0: Ball
1-0: Called Strike
1-1: Foul Ball, location: 2F
1-2: Ball
2-2: SINGLE (Groundball, 25, EV 68.8 MPH) (infield hit)
Batting: RHB Marc Peckermark 0-0: Ball
1-0: Swinging Strike
1-1: Swinging Strike
1-2: Strikes out looking
Top of the 9th over - 0 runs, 1 hit, 0 errors, 1 left on base; Atlanta 10 - Pittsburgh 8
BOTTOM OF THE 9TH
Pittsburgh Pirates batting - Pitching for Atlanta Braves : RHP Andy Kiefer
Pitching: RHP Victor Munoz
Batting: LHB Pat Sutton 0-0: Ball
1-0: Fly out, F7 (Flyball, 7, EV 93.8 MPH)
Batting: SHB Marvin McAleer 0-0: Fly out, F9 (Flyball, 9S, EV 86.2 MPH)
Batting: RHB Mike Bates 0-0: Ball
1-0: Called Strike
1-1: Ball
2-1: Foul Ball, location: 2F
2-2: Strikes out swinging
Bottom of the 9th over - 0 runs, 0 hits, 0 errors, 0 left on base; Atlanta 10 - Pittsburgh 8
Tuesday, September 13th , 2022 - OOTP Baseball 23.7 Build 88